 Dungeon Crawl Stone Soup version 0.29.0-4-gdea44cf6ec (webtiles) character file.

Game seed: 716817061804835208

826 qw the Chopper (level 7, 0/40 HPs)
             Began as a Tengu Warper on Aug 28, 2022.
             Was a Follower of Okawaru.
             Constricted to death by Pikel (6 damage)
             ... on level 5 of the Dungeon.
             The game lasted 00:00:27 (4594 turns).

qw the Chopper (Tengu Warper)                       Turns: 4594, Time: 00:00:28

Health: 0/40       AC: 14    Str: 13    XL:     7   Next: 96%
Magic:  9/11       EV:  1    Int: 14    God:    Okawaru [*.....]
Gold:   224        SH: 15    Dex: 13    Spells: 10/10 levels left

rFire   . . .      SeeInvis .   Y - +4 hand axe
rCold   + . .      Faith    .   h - +0 tower shield
rNeg    . . .      Spirit   .   p - +0 plate armour
rPois   +          Reflect  .   (helmet restricted)
rElec   .          Harm     .   q - +0 cloak
rCorr   .          Rampage  .   (no gloves)
Will    .....                   (boots unavailable)
Stlth   ..........              (no amulet)
HPRegen 0.13/turn               t - ring of poison resistance
MPRegen 0.12/turn               x - ring of protection from cold

@: about to teleport, heroic, grasped by roots, flying quickly and evasively,
constricted, quick
A: beak, talons 3, nimble flight
a: Renounce Religion, Heroism


You were on level 5 of the Dungeon.
You worshipped Okawaru.
Okawaru was aware of your devotion.
You visited 1 branch of the dungeon, and saw 5 of its levels.

You collected 224 gold pieces.


Innate Abilities, Weirdness & Mutations

You have a beak for a mouth.
You have claws for feet.
Your magical nature lets you fly swiftly and evasively.


   Skills:
 - Level 2.0(7.0) Fighting
 - Level 6.5(11.5) Axes
 - Level 1.0(6.0) Throwing
 - Level 3.0(8.0) Armour
 - Level 2.1(7.1) Dodging
 + Level 4.4(9.4) Shields
 - Level 2.0 Spellcasting
 - Level 2.4 Translocations
 + Level 3.0 Invocations


You had 10 spell levels left.
You didn't know any spells.
Your spell library contained the following spells:

 Spells                   Type           Power      Damage    Failure   Level
 Blink                    Tloc           16%        N/A       100%        2
 Gell's Gravitas          Tloc           8%         N/A       100%        3
 Lesser Beckoning         Tloc           8%         N/A       100%        3
 Teleport Other           Tloc           8%         N/A       100%        3
 Manifold Assault         Tloc           8%         N/A       100%        5

Inventory:

Hand Weapons
 n - a +0 flail
 Y - a +4 hand axe (weapon)
Missiles
 d - 2 boomerangs of dispersal
 g - 4 javelins (quivered)
 o - 4 boomerangs
Armour
 h - a +0 tower shield (worn)
 p - a +0 plate armour (worn)
 q - a +0 cloak (worn)
Jewellery
 e - a ring of willpower
 f - a +6 ring of dexterity
 r - a ring of resist corrosion
 s - a ring of fire
 t - a ring of poison resistance (left hand)
 x - a ring of protection from cold (right hand)
Scrolls
 c - a scroll of identify
 i - 2 scrolls of enchant weapon {unknown}
Potions
 b - a potion of mutation
 j - a potion of lignification {unknown}
 k - a potion of cancellation {unknown}
 l - a potion of curing
 m - a potion of invisibility {unknown}
 u - a potion of degeneration {unknown}
 A - a potion of brilliance {unknown}

Dungeon Overview and Level Annotations

Branches:
Dungeon (5/15)             Temple (0/1) D:5

Altars:
Dithmenos
Okawaru
Yredelemnul
The Shining One

Shops:
D:1 [

Annotations:
D:5 Pikel


Message History

4588 ||| INVOKING Heroism.
You gain the combat prowess of a mighty hero.
Pikel zaps a wand.
The roots erupt in riotous growth!
The grasping roots grab you!
The lemure is unaffected. x2; Pikel is unaffected.
The grasping roots constrict you. The lemure hits you but does no damage.
You block the lemure's attack.
You hit the lemure.
The lemure is heavily wounded.
You completely miss the lemure. You hit Pikel. You block Pikel's attack.
The grasping roots constrict you. You block the lemure's attack. x2
You slash the lemure!
The lemure is severely wounded.
You hit the lemure but do no damage. You hit Pikel.
Pikel hits you but does no damage. The grasping roots constrict you.
You block the lemure's attack. x2
You hit the lemure. You peck the lemure, but do no damage.
The lemure is severely wounded.
You closely miss Pikel. You hit the lemure. Pikel hits you but does no damage.
The grasping roots constrict you. The lemure hits you but does no damage.
The lemure hits you.
The grasping roots release their grip on you.
You completely miss the lemure. Your peck misses the lemure.
The lemure is severely wounded.
You hit Pikel. You barely miss the lemure. You block Pikel's attack.
You block the lemure's attack. The lemure hits you.
4593 ||| READING scroll of teleportation.
As you read the scroll of teleportation, it crumbles to dust.
You feel strangely unstable.
Pikel hits you with a +0 whip of flaming.
Pikel burns you. You block the lemure's attack.
The lemure hits you but does no damage.
You slash the lemure!
You kill the lemure!
That felt strangely unrewarding.
You hit the lemure. You hit Pikel.
Pikel zaps a wand.
The roots erupt in riotous growth!
The grasping roots grab you!
The lemure is unaffected.
Pikel is unaffected.
The grasping roots constrict you.
You die...

#.....# #.# ##### ##.####
#.########..(( #.... #.#
#.##......... #.#..
#.######.##.):.....# #.#.#
#.....<#.##........# #.#.#
######.....#........# ######.#..
.#####.#####........####......###
..........>.....5K...............
##.###.#####....@...# #.........
.........# ####..#### #.....####
..%#...#.## ##.# #.....#
...#......## ##..# #.....#
...#.#.#...# #...## #.....#
...#.......###....## #.....####
...###...##...##...# ###.......
...# #..#..###..#..# #.######
...# #.#..#...#..#.# #.#


You could see Pikel and a lemure.

Vanquished Creatures
  A water moccasin (D:5)
  2 black bears
  3 lemures (D:5)
  A phantom (D:5)
  A scorpion (D:5)
  A jelly (D:5)
  3 hounds
  2 orc priests (D:5)
  An iguana (D:5)
  An orc wizard (D:5)
  6 adders
  A white imp (D:4)
  2 ufetubi
  A dart slug (D:4)
  17 orcs
  7 ball pythons
  4 bats
  4 endoplasms
  2 giant cockroaches
  5 goblins
  4 hobgoblins
  12 jackals
  4 kobolds
  8 quokkas
  4 frilled lizards
  8 rats
105 creatures vanquished.

Notes
Turn   | Place    | Note
-------+----------+-------------------------------------------
     0 | D:1      | qw the Tengu Warper began the quest for the Orb.
     0 | D:1      | Reached XP level 1. HP: 12/12 MP: 4/4
     0 | D:1      | 0 ||| qw: Version: 0.1-a-89-g26bdef1
     0 | D:1      | 0 ||| qw: Game counter: 843
     0 | D:1      | 0 ||| qw: Always use a shield: true
     0 | D:1      | 0 ||| qw: God list: Okawaru
     0 | D:1      | 0 ||| qw: Allow faded altars: false
     0 | D:1      | 0 ||| qw: Do Orc after D:15 true
     0 | D:1      | 0 ||| qw: Do second Lair branch before Depths: true
     0 | D:1      | 0 ||| qw: Lair rune preference: random
     0 | D:1      | 0 ||| qw: Plans: Normal
     0 | D:1      | 0 ||| PLANNING D:1-11
    33 | D:1      | Found a faded altar of an unknown god.
   181 | D:1      | Reached XP level 2. HP: 14/17 MP: 6/6
   182 | D:1      | HP: 4/17 [frozen (5)]
   185 | D:1      | Reached skill level 3 in Axes
   860 | D:1      | 860 ||| Stepping ~*~*~tactically~*~*~ (stealth).
   862 | D:1      | 862 ||| Stepping ~*~*~tactically~*~*~ (stealth).
   870 | D:1      | 870 ||| Stepping ~*~*~tactically~*~*~ (stealth).
   909 | D:1      | Found Xiwol's Antique Armour Boutique.
   921 | D:1      | 921 ||| SHOPLISTING glowing crystal plate armour (2656
                  | gold, have 45).
   921 | D:1      | 921 ||| SHOPLISTING runed buckler (240 gold, have 45).
   921 | D:1      | 921 ||| SHOPLISTING runed ring mail (224 gold, have 45).
   943 | D:1      | 943 ||| UPGRADING to +0 ring mail.
   953 | D:1      | 953 ||| DROPPING +0 leather armour.
   954 | D:1      | 954 ||| UPGRADING to +0 chain mail.
   964 | D:1      | 964 ||| DROPPING +0 ring mail.
   965 | D:1      | 965 ||| READING 2 scrolls labelled NURUYLEIQA.
   968 | D:1      | 968 ||| READING scroll labelled VYURUE KUCWIY.
   969 | D:1      | 969 ||| DROPPING scroll of blinking.
   993 | D:2      | Reached XP level 3. HP: 21/21 MP: 7/7
  1002 | D:2      | 1002 ||| Stepping ~*~*~tactically~*~*~ (stealth).
  1013 | D:2      | Reached skill level 4 in Axes
  1258 | D:2      | Reached XP level 4. HP: 26/26 MP: 8/8
  1261 | D:2      | 1261 ||| Stepping ~*~*~tactically~*~*~ (stealth).
  1297 | D:2      | 1297 ||| Stepping ~*~*~tactically~*~*~ (stealth).
  1676 | D:2      | 1676 ||| READING scroll labelled HECZIE JAUPOING.
  1677 | D:2      | 1677 ||| READING scroll labelled XIAHEU DALAPORGH.
  1678 | D:2      | 1678 ||| DRINKING 2 golden potions.
  1797 | D:3      | 1797 ||| Stepping ~*~*~tactically~*~*~ (stealth).
  1798 | D:3      | 1798 ||| Stepping ~*~*~tactically~*~*~ (stealth).
  1808 | D:3      | Reached skill level 5 in Axes
  1808 | D:3      | 1808 ||| FLEEEEING.
  1809 | D:3      | 1809 ||| FLEEEEING.
  1865 | D:3      | 1865 ||| Stepping ~*~*~tactically~*~*~ (stealth).
  1866 | D:3      | 1866 ||| Stepping ~*~*~tactically~*~*~ (stealth).
  1868 | D:3      | 1868 ||| Stepping ~*~*~tactically~*~*~ (stealth).
  1871 | D:3      | 1871 ||| Stepping ~*~*~tactically~*~*~ (stealth).
  1873 | D:3      | 1873 ||| FLEEEEING.
  1874 | D:3      | 1874 ||| FLEEEEING.
  1875 | D:3      | 1875 ||| FLEEEEING.
  1876 | D:3      | 1876 ||| FLEEEEING.
  1877 | D:3      | 1877 ||| FLEEEEING.
  1878 | D:3      | 1878 ||| FLEEEEING.
  1884 | D:3      | 1884 ||| FLEEEEING.
  1885 | D:3      | 1885 ||| FLEEEEING.
  1886 | D:3      | 1886 ||| FLEEEEING.
  1887 | D:3      | 1887 ||| FLEEEEING.
  1891 | D:3      | 1891 ||| FLEEEEING.
  1892 | D:3      | 1892 ||| FLEEEEING.
  1921 | D:3      | 1921 ||| DROPPING +0 club.
  2204 | D:3      | Found a glowing golden altar of the Shining One.
  2206 | D:3      | Found a shadowy altar of Dithmenos.
  2210 | D:3      | Found a basalt altar of Yredelemnul.
  2210 | D:3      | Found an iron altar of Okawaru.
  2213 | D:3      | Became a worshipper of Warmaster Okawaru
  2366 | D:3      | 2366 ||| UPGRADING to +0 plate armour.
  2376 | D:3      | 2376 ||| DROPPING +0 chain mail.
  2377 | D:3      | 2377 ||| UPGRADING to +0 cloak.
  2382 | D:3      | 2382 ||| UPGRADING to ring of willpower.
  2383 | D:3      | 2383 ||| UPGRADING to +6 ring of dexterity.
  2384 | D:3      | 2384 ||| UPGRADING to ring of poison resistance.
  2386 | D:3      | 2386 ||| READING scroll labelled POUBUITIGARGH.
  2387 | D:3      | 2387 ||| READING scroll labelled ESYOBO PIRAEDE.
  2388 | D:3      | 2388 ||| DRINKING 2 fizzy pink potions.
  2493 | D:3      | 2493 ||| DRINKING 2 sapphire potions.
  2494 | D:3      | 2494 ||| READING 2 scrolls of identify.
  2494 | D:3      | 2494 ||| IDENTIFYING blue potion
  2495 | D:3      | 2495 ||| DROPPING potion of berserk rage.
  2496 | D:3      | 2496 ||| DROPPING potion of flight.
  2534 | D:4      | 2534 ||| PLANNING OSSUARY
  2536 | D:4      | Noticed a black bear
  2552 | D:4      | Gained mutation: Your magical nature lets you fly swiftly
                  | and evasively. [Tengu growth]
  2552 | D:4      | Reached XP level 5. HP: 21/30 MP: 9/9
  2557 | D:4      | Killed a black bear
  2558 | D:4      | Reached skill level 6 in Axes
  2558 | D:4      | Reached XP level 6. HP: 10/35 MP: 10/10
  2618 | D:4      | 2618 ||| FLEEEEING.
  2619 | D:4      | 2619 ||| STAIRDANCE
  2788 | D:4      | 2788 ||| Stepping ~*~*~tactically~*~*~ (hiding).
  2803 | D:4      | 2803 ||| Stepping ~*~*~tactically~*~*~ (stealth).
  2804 | D:4      | 2804 ||| Stepping ~*~*~tactically~*~*~ (stealth).
  2873 | D:4      | Reached skill level 3 in Armour
  2947 | D:4      | 2947 ||| Stepping ~*~*~tactically~*~*~ (stealth).
  3128 | D:4      | 3128 ||| SWAPPING to +4 hand axe.
  3129 | D:4      | 3129 ||| DROPPING +0 hand axe.
  3179 | D:4      | 3179 ||| RIP OSSUARY
  3184 | D:4      | 3184 ||| PLANNING D:1-11
  3524 | D:4      | 3524 ||| UPGRADING to +0 tower shield.
  3529 | D:4      | 3529 ||| UPGRADING to ring of protection from cold.
  3531 | D:4      | 3531 ||| READING 3 scrolls labelled KAMEGI SISOH.
  3532 | D:4      | 3532 ||| READING scroll labelled EFUAPI MURA.
  3633 | D:4      | 3633 ||| DRINKING 2 purple potions.
  3634 | D:4      | 3634 ||| READING 2 scrolls of identify.
  3634 | D:4      | 3634 ||| IDENTIFYING cyan potion
  3635 | D:4      | 3635 ||| DROPPING potion of attraction.
  3636 | D:4      | 3636 ||| DROPPING 2 scrolls of fog.
  3652 | D:5      | Entered Level 5 of the Dungeon
  3656 | D:5      | Noticed a water moccasin
  3670 | D:5      | Killed a water moccasin
  3670 | D:5      | Reached * piety under Okawaru
  3671 | D:5      | 3671 ||| INVOKING Heroism.
  3675 | D:5      | HP: 6/35 [orc priest/+0 flail (4)]
  3676 | D:5      | Reached XP level 7. HP: 7/40 MP: 8/11
  3676 | D:5      | 3676 ||| READING scroll of teleportation.
  3677 | D:5      | 3677 ||| DRINKING potion of heal wounds.
  3837 | D:5      | 3837 ||| INVOKING Heroism.
  3840 | D:5      | Reached skill level 1 in Invocations
  3843 | D:5      | Reached skill level 3 in Shields
  3845 | D:5      | 3845 ||| Stepping ~*~*~tactically~*~*~ (stealth).
  3858 | D:5      | 3858 ||| Stepping ~*~*~tactically~*~*~ (stealth).
  3926 | D:5      | 3926 ||| INVOKING Heroism.
  3933 | D:5      | 3933 ||| DRINKING 2 potions of curing.
  3933 | D:5      | 3933 ||| (to cure confusion)
  3944 | D:5      | 3944 ||| INVOKING Heroism.
  4062 | D:5      | 4062 ||| INVOKING Heroism.
  4154 | D:5      | Found a staircase to the Ecumenical Temple.
  4387 | D:5      | 4387 ||| INVOKING Heroism.
  4511 | D:5      | Reached skill level 3 in Invocations
  4575 | D:5      | Noticed Pikel
  4576 | D:5      | 4576 ||| INVOKING Heroism.
  4588 | D:5      | 4588 ||| INVOKING Heroism.
  4592 | D:5      | HP: 8/40 [lemure[Pikel] (5)]
  4593 | D:5      | 4593 ||| READING scroll of teleportation.
  4594 | D:5      | Constricted to death by Pikel

Levels and vault maps discovered:
D:1:      amcnicky_arrival_double_pillar, layout_basic, basic_ecumenical_altar,
          serial_shops, shop
D:2:      layout_basic
D:3:      layout_basic, mainiacjoe_overflow_alcove_3
D:4:      layout_rooms, nicolae_ossuary_entry_plus, minmay_misc_feat_doors,
          st_stairs_2
D:5:      layout_basic, minmay_temple_entry_steel_oval, uniq_pikel

Skill      XL: |  1  2  3  4  5  6  7 |
---------------+----------------------+-----
Axes           | 3 4 5 6 |  6.5
Armour         | 2 3 |  3.0
Shields        | 2 4 |  4.4
Invocations    | 3 |  3.0
Fighting       | |  2.0
Throwing       | |  1.0
Dodging        | |  2.1
Spellcasting   | |  2.0
Translocations | |  2.4

Action                   |  1- 3 |  4- 6 |  7- 9 || total
-------------------------+-------+-------+-------++-------
Melee: Hand axe          |    49 |   115 |    70 ||   234
       Kick              |    12 |    33 |    15 ||    60
       Peck              |     6 |    16 |     7 ||    29
       Punch             |     1 |       |       ||     1
Throw: Javelin           |    27 |    48 |    18 ||    93
       Boomerang         |     5 |       |       ||     5
Invok: Heroism           |       |     1 |     7 ||     8
  Use: Scroll            |     2 |     8 |     2 ||    12
       Potion            |       |     4 |     2 ||     6
Armor: Leather armour    |     5 |       |       ||     5
       Chain mail        |    15 |    12 |       ||    27
       Plate armour      |       |    78 |    54 ||   132
Dodge: Dodged            |    20 |    14 |     8 ||    42
Block: Tower shield      |       |     8 |    62 ||    70

Table legend:
 A = Non-vault XP
 B = Vault XP
 C = Vault XP percentage of total XP
 D = Non-vault monster count
 E = Vault monster count
 F = Vault count percentage of total count
                 A         B        C        D         E       F
            +---------+---------+-------+---------+---------+-------
      Total |    1169 |      11 |   0.9 |     101 |       1 |   1.0
            +---------+---------+-------+---------+---------+-------
        D:1 |      33 |       0 |   0.0 |      19 |       0 |   0.0
        D:2 |      69 |       0 |   0.0 |      22 |       0 |   0.0
        D:3 |      45 |       0 |   0.0 |      17 |       0 |   0.0
        D:4 |     277 |      11 |   3.8 |      21 |       1 |   4.5
        D:5 |     745 |       0 |   0.0 |      22 |       0 |   0.0
            +---------+---------+-------+---------+---------+-------
